 Dungeon Crawl Stone Soup version 0.23.2-40-g277498a (webtiles) character file.

Game seed: 17210755281781386866

184 ClockworkOrrery the Digger (level 5, 0/31 HPs)
             Began as a Gargoyle Earth Elementalist on Oct 11, 2019.
             Killed by nerve-wracking pain
             ... invoked by a shadow imp
              (2 damage)
             ... on level 3 of the Dungeon on Oct 12, 2019.
             The game lasted 00:13:26 (3410 turns).

ClockworkOrrery the Digger (GrEE)                   Turns: 3410, Time: 00:13:27

Health: 0/31       AC:  6    Str: 12    XL:     5   Next: 64%
Magic:  3/9        EV: 12    Int: 16    God:
Gold:   210        SH:  0    Dex: 10    Spells: 4/10 levels left

rFire    . . .     SeeInvis .   g - +0 spear
rCold    . . .     Gourm    .   (no shield)
rNeg     + . .     Faith    .   c - +0 robe
rPois    ∞         Spirit   .   (no helmet)
rElec    +         Reflect  .   (no cloak)
rCorr    .         Harm     .   (no gloves)
MR       .....                  (no boots)
Stlth    ++........             (no amulet)
HPRegen  0.10/turn              (no ring)
MPRegen  0.11/turn              (no ring)

@: no status effects
A: negative energy resistance 1, electricity resistance, unbreathing,
petrification resistance, rot immunity, AC +4
a: no special abilities


You were on level 3 of the Dungeon.
You were not hungry.

You visited 1 branch of the dungeon, and saw 3 of its levels.

You collected 210 gold pieces.

Inventory:

Hand Weapons
 a - a +0 club
 g - a +0 spear (weapon)
Missiles
 r - 8 stones (quivered)
Armour
 c - a +0 robe (worn)
Jewellery
 m - a +2 ring of dexterity {unknown}
 n - a cursed -3 ring of protection {unknown}
Wands
 u - a wand of acid (10)
Scrolls
 b - 2 scrolls of enchant armour {unknown}
 e - 4 scrolls of identify {unknown}
 f - a scroll of remove curse {unknown}
 j - 2 scrolls of magic mapping {unknown}
 q - a scroll of immolation {unknown}
 s - a scroll of fog {unknown}
Potions
 h - 2 potions of lignification {unknown}
 i - a potion of curing {unknown}
 k - a potion of cancellation {unknown}
 l - a potion of heal wounds {unknown}
 o - a potion of mutation {unknown}
 p - a potion of flight {unknown}
Comestibles
 d - 8 rations
 t - 5 chunks of flesh


   Skills:
 * Level 2.4 Fighting
 + Level 1.7 Armour
 + Level 2.1 Dodging
 - Level 2.1 Stealth
 * Level 3.1 Spellcasting
 + Level 0.6 Conjurations
 + Level 1.1 Transmutations
 * Level 4.5 Earth Magic


You had 4 spell levels left.
You knew the following spells:

 Your Spells              Type           Power        Failure   Level  Hunger
a - Sandblast             Erth           ###...       2%          1    #......
b - Passwall              Tmut/Erth      ##......     9%          2    ##.....
c - Stone Arrow           Conj/Erth      ##....       19%         3    ###....

Your spell library contained the following spells:

 Spells                   Type           Power        Failure   Level  Hunger
 Petrify                  Tmut/Erth      ##......     50%         4    #####..
 Lee's Rapid Deconstruct  Erth           ###.......   61%         5    ######.


Dungeon Overview and Level Annotations

Branches:
Dungeon (3/15)

Altars:

Annotations:
D:3 1 transporter


Innate Abilities, Weirdness & Mutations

You are resistant to torment.
Your stone body is resilient. (AC +4)
You are immune to poison.
You resist negative energy. (rN+)
You are resistant to electric shocks. (rElec)
You can survive without breathing.
You are immune to petrification.
You are immune to rotting.


Message History

Aiming: Sandblast (safe; 2% risk of failure)
Press: ? - help, Shift-Dir - straight line, f/p - orc priest
Aim: an orc priest, wielding a +0 whip and wearing a +0 scale mail (severely wounded)
The blast of sand hits the orc priest but does no damage.
The orc priest is severely wounded.
r - 8 stones The orc priest invokes the aid of Beogh against you.
You barely resist.
The orc priest invokes the aid of Beogh against you.
Beogh smites you!
Ouch! That really hurt!
* * * LOW HITPOINT WARNING * * *
There is an open door here.
The shadow imp gestures at you. Pain shoots through your body!
* * * LOW HITPOINT WARNING * * *
There is a transporter landing site here.
The shadow imp gestures at you. Pain shoots through your body!
You die...

.............# #...#
....÷........# #...# ##
............>+ ..... .#
#+#..........# ##..##.#
#.###################..# .#
..#.................#..# .#
###.###############....##.#
..#.#8≈#......5#P8#.......#
.##.#P.#≈≈≈≈≈≈≈#@P#.#.#####
'#..#$.#..≈P≈..#..#...#
...©#©(+..P♣P..'.©#©..#
....#$.#..≈≈P..#..#..##
..#.#P.#≈≈≈≈≈≈≈#.P#.##
..#.#8≈#....5oo#P8#.#
..#.###############)#
..#.................#
..###################


You could see 2 orc priests and 2 shadow imps.

Vanquished Creatures
  A gnoll (D:1)
  7 adders
  5 oozes (D:1)
  2 worms
  2 dart slugs
  2 leopard geckos
  2 ball pythons
  8 giant cockroaches
  5 goblins
  11 hobgoblins
  7 jackals (D:1)
  9 kobolds
  A quokka (D:3)
  6 bats
  2 frilled lizards
  7 rats
77 creatures vanquished.

Notes
Turn   | Place    | Note
-------+----------+-------------------------------------------
     0 | D:1      | ClockworkOrrery the Gargoyle Earth Elementalist began the
                  | quest for the Orb.
     0 | D:1      | Reached XP level 1. HP: 10/10 MP: 3/3
     1 | D:1      | Found a runed translucent door.
   133 | D:1      | Reached XP level 2. HP: 8/16 MP: 0/5
   167 | D:1      | Reached skill level 1 in Fighting
   725 | D:1      | Reached XP level 3. HP: 20/20 MP: 4/6
   741 | D:1      | Reached skill level 1 in Armour
   973 | D:1      | Reached skill level 4 in Earth Magic
   976 | D:1      | Reached XP level 4. HP: 7/26 MP: 0/7
  1358 | D:2      | Learned a level 2 spell: Passwall
  1362 | D:2      | Learned a level 3 spell: Stone Arrow
  2006 | D:2      | Reached XP level 5. HP: 30/30 MP: 2/9
  2577 | D:3      | Reached skill level 1 in Transmutations
  3295 | D:3      | Found a transporter.
  3368 | D:3      | Found a transporter.
  3407 | D:3      | HP: 1/31 [shadow imp/nerve-wracking pain (3)]
  3410 | D:3      | Killed from afar by a shadow imp

Skill      XL: |  1  2  3  4  5 |
---------------+----------------+-----
Fighting       | 1 2 |  2.4
Armour         | 1 |  1.7
Earth Magic    | 4 |  4.5
Dodging        | 2 |  2.1
Spellcasting   | 3 |  3.1
Transmutations | 1 |  1.1
Stealth        | |  2.1
Conjurations   | |  0.6

Action                   |  1- 3 |  4- 6 || total
-------------------------+-------+-------++-------
Melee: Club              |    31 |       ||    31
       Unarmed           |     1 |       ||     1
       Spear             |    24 |    89 ||   113
 Cast: Sandblast         |    37 |    30 ||    67
       Stone Arrow       |       |    19 ||    19
 Stab: Sleeping          |       |     1 ||     1
  Eat: Chunk             |     1 |    10 ||    11
Armor: Robe              |    37 |    48 ||    85
Dodge: Dodged            |    76 |    71 ||   147
